 Dungeon Crawl Stone Soup version 0.29.1-1-gd02db6906a (webtiles) character file.

Game seed: 12782707066482183279

169 MisterFreud the Twirler (level 5, -3/34 (38) HPs)
             Began as a Formicid Gladiator on Sept 22, 2022.
             Slain by a hobgoblin (5 damage)
             ... led by Robin
             ... on level 3 of the Dungeon.
             The game lasted 00:02:31 (2941 turns).

MisterFreud the Twirler (Formicid Gladiator)        Turns: 2941, Time: 00:02:32

HP:   -3/34 (38)    AC:  3    Str: 20    XL:     5   Next: 79%
MP:   0/5           EV: 12    Int:  8    God:
Gold: 145           SH:  0    Dex: 15    Spells: 4/4 levels left

rFire   . . .      SeeInvis +   a - +0 quarterstaff (venom)
rCold   . . .      Faith    .   (no shield)
rNeg    . . .      Spirit   +   b - +0 leather armour
rPois   .          Reflect  .   (helmet unavailable)
rElec   .          Harm     .   (no cloak)
rCorr   .          Rampage  .   (no gloves)
Will    .....                   (no boots)
Stlth   +.........              h - amulet of guardian spirit
HPRegen 0.11/turn               (no ring)
MPRegen 0.09/turn               (no ring)

@: heavily drained
A: permanent stasis, dig shafts and tunnels, antennae 3, four strong arms
a: Dig, Shaft Self


You were on level 3 of the Dungeon.
You visited 1 branch of the dungeon, and saw 3 of its levels.

You collected 145 gold pieces.

Inventory:

Hand Weapons
 a - a +0 quarterstaff of venom (weapon)
 m - a +0 morningstar
Missiles
 c - 3 throwing nets (quivered)
 d - a javelin
 k - 9 poisoned darts
Armour
 b - a +0 leather armour (worn)
Jewellery
 e - a ring of flight
 h - an amulet of guardian spirit (around neck)
Wands
 o - a wand of flame (54)
Scrolls
 p - a scroll of enchant weapon {unknown}
 q - 2 scrolls of brand weapon
Potions
 f - a potion of mutation {unknown}
 g - 2 potions of curing
 i - 2 potions of heal wounds
 j - a potion of flight
 l - a potion of haste {unknown}
 n - a potion of might {unknown}
 r - a potion of lignification {unknown}


   Skills:
 - Level 2.1 Fighting
 + Level 6.0 Staves
 - Level 2.0 Throwing
 - Level 2.6 Dodging


You had 4 spell levels left.
You didn't know any spells.
Your spell library contained the following spells:

 Spells                   Type           Power      Damage    Failure   Level
 Sandblast                Erth           0%         2d4       45%         1
 Passwall                 Tmut/Erth      0%         N/A       61%         2
 Stone Arrow              Conj/Erth      0%         3d7       83%         3


Dungeon Overview and Level Annotations

Branches:
Dungeon (3/15)

Altars:

Annotations:
D:3 Robin


Innate Abilities, Weirdness & Mutations

You cannot be hasted, slowed, berserked, paralysed or teleported.
You can dig through walls and to a lower floor.
You have a pair of large antennae on your head. (SInv)
Your four strong arms can wield two-handed weapons with a shield.


Message History

You kill the kobold!
The hobgoblin closely misses you. Robin throws the goblin at you!
The goblin unwields a +0 club.
The goblin wields a +0 sling.
The goblin shoots a sling bullet.
The sling bullet hits you.
You hit the goblin but do no damage.
The goblin is poisoned.
Robin roars a battlecry!
The goblins go into a battle-frenzy!
The hobgoblin barely misses you. The goblin hits you with a +0 club.
You closely miss the goblin. Robin throws the goblin at you!
The hobgoblin hits you. The goblin barely misses you.
The goblin shoots a sling bullet.
The sling bullet hits you.
You hit the goblin.
You kill the goblin!
The goblin hits you with a +0 dagger. The hobgoblin hits you.
A goblin comes into view. It is wielding a +0 dagger.
The goblin hits you but does no damage.
Unknown command.
The goblin attacks as you move away!
The goblin unwields a +0 sling.
The goblin wields a +0 club.
The goblin hits you with a +0 club. Robin throws the goblin at you!
The goblin hits you but does no damage. x2
Things that are here:
a +0 club; a goblin corpse You sock the goblin!
You kill the goblin!
The goblin misses you. The hobgoblin closely misses you.
The hobgoblin attacks as you move away! The hobgoblin hits you.
* * * LOW HITPOINT WARNING * * *
The goblin attacks as you move away! The goblin barely misses you.
You see here a +0 dagger.
Unknown command.
You extend your mandibles.
You dig through the rock wall.
You feel drained. The hobgoblin attacks as you move away!
The hobgoblin hits you.
* * * LOW HITPOINT WARNING * * *
Robin throws the goblin at you! The goblin hits you but does no damage.
You dig through the rock wall.
You feel drained. The goblin attacks as you move away!
The goblin hits you with a +0 dagger.
* * * LOW HITPOINT WARNING * * *
The hobgoblin attacks as you move away! The hobgoblin hits you.
You die...

######.#..#..#.#
###..#..#.# ♣
##...##.# ♣♣
#.#.##.# .♣♣♣♣♣♣♣
#.#.##.#
♣......♣♣#.#.##.#
♣♣♣♣♣♣♣.♣#.#.##.###
♣♣...#.##g#.#
♣♣#.#.##.@#
#.#.##g## #.. #)#
######g# #...†.g#
#.###).# #.g# #..#
#..#


You could see Robin, a hobgoblin (strong) and 3 goblins.

Vanquished Creatures
  Natasha (thrice) (D:2)
  4 adders
  A worm (D:2)
  4 orcs (D:3)
  6 ball pythons
  5 endoplasms
  2 giant cockroaches (D:1)
  8 goblins
  3 hobgoblins
  3 quokkas
  5 bats
  2 frilled lizards
  4 kobolds
  6 rats
56 creatures vanquished.

Vanquished Creatures (others)
  5 withered plants (D:2)
5 creatures vanquished.

Grand Total: 61 creatures vanquished

Notes
Turn   | Place    | Note
-------+----------+-------------------------------------------
     0 | D:1      | MisterFreud the Formicid Gladiator began the quest for the
                  | Orb.
     0 | D:1      | Reached XP level 1. HP: 16/16 MP: 1/1
   324 | D:1      | Reached XP level 2. HP: 19/22 MP: 2/2
  1006 | D:1      | Reached skill level 4 in Staves
  1006 | D:1      | Reached XP level 3. HP: 25/27 MP: 3/3
  1252 | D:2      | Noticed Natasha
  1257 | D:2      | Killed Natasha
  1258 | D:2      | Reached XP level 4. HP: 19/33 MP: 2/4
  1529 | D:2      | Reached skill level 5 in Staves
  1983 | D:2      | Found a faded altar of an unknown god.
  2005 | D:2      | Noticed Natasha
  2010 | D:2      | Killed Natasha
  2011 | D:2      | Reached XP level 5. HP: 38/38 MP: 5/5
  2155 | D:2      | Noticed Natasha
  2161 | D:2      | Killed Natasha
  2686 | D:3      | Reached skill level 6 in Staves
  2931 | D:3      | Noticed Robin
  2941 | D:3      | Slain by a hobgoblin

Illustrated notes

Levels and vault maps discovered:
D:1:      dpeg_arrival_rooms_c, layout_loops_cross, minivault_5,
          minmay_misc_feat_columns
D:2:      minmay_general_purpose_star, layout_rooms,
          ebering_ecumenical_altar_petrified, uniq_natasha
D:3:      kb_forest_paths, layout_basic, nzn_wu_jian_council_hall,
          ebering_ghost_rock_garden, uniq_robin

Skill      XL: |  1  2  3  4  5 |
---------------+----------------+-----
Staves         | 4 5 6 |  6.0
Fighting       | |  2.1
Throwing       | |  2.0
Dodging        | |  2.6

Action                   |  1- 3 |  4- 6 || total
-------------------------+-------+-------++-------
Melee: Quarterstaff      |    58 |    84 ||   142
       Punch             |       |     1 ||     1
 Abil: Dig               |       |     1 ||     1
  Use: Scroll            |       |     6 ||     6
 Stab: Sleeping          |     1 |       ||     1
Armor: Leather armour    |    10 |    20 ||    30
Dodge: Dodged            |    37 |    72 ||   109
